 Dungeon Crawl Stone Soup version 0.24-a0-769-g368c1644f8 (webtiles) character file.

Game seed: 3462399421986833380, levelgen mode: deterministic

60 Arixos the Skirmisher (level 3, -2/29 HPs)
             Began as a Mummy Fighter on Oct 4, 2019.
             Slain by a gnoll
             ... wielding a +0 club
              (3 damage)
             ... on level 1 of the Dungeon.
             The game lasted 00:03:49 (1564 turns).

Arixos the Skirmisher (Mummy Fighter)               Turns: 1564, Time: 00:03:50

Health: -2/29      AC:  6    Str: 20    XL:     3   Next: 82%
Magic:  3/3        EV:  7    Int:  7    God:
Gold:   53         SH:  9    Dex: 11    Spells: 2/2 levels left

rFire    x . .     SeeInvis .   f - +0 whip
rCold    + . .     Gourm    .   c - +0 shield
rNeg     + + +     Faith    .   b - +0 scale mail
rPois    ∞         Spirit   .   (no helmet)
rElec    .         Reflect  .   (no cloak)
rCorr    .         Harm     .   (no gloves)
MR       .....                  (no boots)
Stlth    ..........             (no amulet)
HPRegen  0.09/turn              (no ring)
MPRegen  0.08/turn              (no ring)

@: no status effects
A: no food or potions, fire vulnerability, cold resistance 1, negative energy
resistance 3, torment resistance, unbreathing
a: no special abilities


You were on level 1 of the Dungeon.
You were not hungry.

You visited 1 branch of the dungeon, and saw 2 of its levels.

You collected 53 gold pieces.

Inventory:

Hand Weapons
 f - a +0 whip (weapon)
Armour
 b - a +0 scale mail (worn)
 c - a +0 shield (worn)
Scrolls
 a - 2 scrolls of blinking {unknown}
 d - a scroll of amnesia {unknown}
 e - 3 scrolls of enchant weapon {unknown}
 g - 2 scrolls of immolation {unknown}
 h - a scroll of fear {unknown}


   Skills:
 + Level 3.4 Fighting
 + Level 2.0 Maces & Flails
 + Level 2.8 Armour
 + Level 1.1 Dodging
 + Level 2.8 Shields


You had 2 spell levels left.
You didn't know any spells.
Your spell library was empty.

Dungeon Overview and Level Annotations

Branches:
Dungeon (2/15)

Altars:


Innate Abilities, Weirdness & Mutations

You do not eat or drink.
Your flesh is vulnerable to fire.
You are immune to poison.
Your flesh is cold resistant. (rC+)
You are immune to negative energy. (rN+++)
You are immune to unholy pain and torment.
You can survive without breathing.


Message History

You closely miss the gnoll. You block the gnoll's attack.
The gnoll hits you from afar with a +0 halberd!
You are too injured to fight recklessly!
You block the gnoll's attack.
There is a stone staircase leading up here.
The gnoll hits you from afar with a +0 halberd.
* * * LOW HITPOINT WARNING * * *
The gnoll hits you with a +0 club.
* * * LOW HITPOINT WARNING * * *
You climb upwards.
There is a stone staircase leading down here.
You barely miss the gnoll. The gnoll hits you with a +0 club.
* * * LOW HITPOINT WARNING * * *
You hit the gnoll.
The gnoll is lightly wounded.
The gnoll hits you but does no damage.
You hit the gnoll but do no damage.
The gnoll is lightly wounded.
The gnoll hits you with a +0 club.
You die...

#..^..%.# #)#####
#.#####.####.#..†# ####### #.#
#.......#.#.# #......
######.####..####.#.#(###.#####
#............# #...(.......#
##.###.###..#######.#.###.#.#
#.# #.........# #.#.......# #.#
#####.###g####.#####.##### #.#
#.# #@................ #.#
#.###)##.............. #.#
#.#................... #.#
#.######.#.#####.####.
#.#######.....##.#.#####.## #.
#.............##.#.##.....# #.
#.########...###.#.##.....# ##
### #........#.##.....# #
#....#####.##.....# #


You could see a gnoll.

Vanquished Creatures
  3 gnolls (D:1)
  A dart slug (D:1)
  2 bats (D:1)
  5 goblins
  5 hobgoblins (D:1)
  4 jackals
  2 frilled lizards (D:1)
  3 kobolds (D:1)
  3 rats (D:1)
28 creatures vanquished.

Notes
Turn   | Place    | Note
-------+----------+-------------------------------------------
     0 | D:1      | Arixos the Mummy Fighter began the quest for the Orb.
     0 | D:1      | Reached XP level 1. HP: 18/18 MP: 1/1
    86 | D:1      | Reached XP level 2. HP: 13/24 MP: 2/2
   414 | D:1      | Reached XP level 3. HP: 24/29 MP: 3/3
   903 | D:1      | Reached skill level 1 in Dodging
  1562 | D:1      | HP: 1/29 [gnoll/+0 club (4)]
  1564 | D:1      | Slain by a gnoll

Levels and vault maps discovered:
D:1:      roderic_chinese_lattice_arrival, layout_basic
D:2:      layout_basic, nicolae_overflow_crystal_walls, lemuel_round_altar,
          chequers_ecumenical_altar_simple_redux, nrook_campfire,
          grunt_gozag_statues

Skill      XL: |  1  2  3 |
---------------+----------+-----
Maces & Flails | 2 |  2.0
Dodging        | 1 |  1.1
Fighting       | |  3.4
Armour         | |  2.8
Shields        | |  2.8

Action                   || total
-------------------------++-------
Melee: Whip              ||   140
       Flail             ||     7
Armor: Scale mail        ||    52
Dodge: Dodged            ||    43
Block: Shield            ||    69

Table legend:
 A = Non-vault XP
 B = Vault XP
 C = Vault XP percentage of total XP
 D = Non-vault monster count
 E = Vault monster count
 F = Vault count percentage of total count
                 A         B        C        D         E       F
            +---------+---------+-------+---------+---------+-------
      Total |      87 |       0 |   0.0 |      28 |       0 |   0.0
            +---------+---------+-------+---------+---------+-------
        D:1 |      81 |       0 |   0.0 |      25 |       0 |   0.0
        D:2 |       6 |       0 |   0.0 |       3 |       0 |   0.0
            +---------+---------+-------+---------+---------+-------
